 Dungeon Crawl Stone Soup version 0.23.0 (webtiles) character file.

Game seed: 16859684428817559743

2020 Laan the Chiller (level 9, -6/45 HPs)
             Began as a Deep Elf Ice Elementalist on Feb 13, 2019.
             Was a Believer of Vehumet.
             Shot with an arrow by a centaur (13 damage)
             ... on level 8 of the Dungeon.
             The game lasted 00:25:11 (9004 turns).

Laan the Chiller (Deep Elf Ice Elementalist)        Turns: 9004, Time: 00:25:12

Health: -6/45      AC:  4    Str:  5    XL:     9   Next: 3%
Magic:  7/19       EV: 13    Int: 26    God:    Vehumet [**....]
Gold:   343        SH:  7    Dex: 15    Spells: 14/21 levels left

rFire    . . .     SeeInvis .   n - +3 spear (freeze)
rCold    + + +     Gourm    .   z - +2 buckler of the Ego {rC+}
rNeg     . . .     Faith    .   a - +1 robe {rC+ rF+}
rPois    +         Spirit   .   r - +0 helmet
rElec    .         Reflect  .   (no cloak)
rCorr    .         Harm     .   (no gloves)
MR       .....                  (no boots)
Stlth    ++........             (no amulet)
HPRegen  0.15/turn              s - ring of ice
MPRegen  0.16/turn              d - ring of poison resistance

@: very slightly contaminated
A: clever 1, low mp 1
a: Renounce Religion


You were on level 8 of the Dungeon.
You worshipped Vehumet.
Vehumet was pleased with you.
You were not hungry.

You visited 2 branches of the dungeon, and saw 9 of its levels.

You collected 343 gold pieces.

Inventory:

Hand Weapons
 l - a +1 spear of flaming
 n - a +3 spear of freezing (weapon)
Missiles
 e - 141 stones (quivered)
Armour
 a - a +1 robe of resistance (worn)
 r - a +0 helmet (worn)
 z - the +2 buckler of the Ego (worn) {rC+}
   (You found it on level 6 of the Dungeon)

   It protects you from cold.
Jewellery
 d - a ring of poison resistance (right hand)
 s - a ring of ice (left hand)
Wands
 B - a wand of polymorph (10)
 C - a wand of digging (5)
Scrolls
 g - 4 scrolls of identify
 m - 4 scrolls of teleportation
 p - 2 scrolls of remove curse
 q - a scroll of torment {unknown}
 u - a scroll of magic mapping
Potions
 b - 2 potions of agility
 h - 3 potions of haste
 i - 3 potions of lignification
 j - 2 potions of degeneration {unknown}
 k - 6 potions of mutation
 o - a potion of heal wounds {unknown}
 t - 2 potions of flight {unknown}
 x - 2 potions of resistance {unknown}
 D - 2 potions of might {unknown}
Comestibles
 c - 8 rations
 f - 3 chunks of flesh


   Skills:
 - Level 2.4 Dodging
 - Level 2.4 Stealth
 * Level 3.6 Shields
 + Level 6.9 Spellcasting
 - Level 3.3 Conjurations
 * Level 7.3 Summonings
 + Level 7.6 Ice Magic


You had 14 spell levels left.
You knew the following spells:

 Your Spells              Type           Power        Failure   Level  Hunger
a - Freeze                Ice            ####         1%          1    None
b - Throw Frost           Conj/Ice       ######       1%          2    None
c - Summon Ice Beast      Ice/Summ       ######..     3%          4    ###....

Your spell library contained the following spells:

 Spells                   Type           Power        Failure   Level  Hunger
 Magic Dart               Conj           ####         1%          1    None
 Ozocubu's Armour         Chrm/Ice       #####...     4%          3    None
 Confusing Touch          Hex            #.....       7%          1    None
 Throw Icicle             Conj/Ice       ######..     7%          4    ###....
 Confuse                  Hex            #.......     21%         3    None
 Gell's Gravitas          Tloc           #.........   21%         3    None
 Metabolic Englaciation   Hex/Ice        #####.....   36%         5    #####..
 Petrify                  Tmut/Erth      #.......     54%         4    ###....
 Yara's Violent Unravell  Hex/Tmut       #.........   88%         5    #####..


Dungeon Overview and Level Annotations

Branches:
Dungeon (8/15)             Temple (1/1) D:4            Lair (0/6) D:8

Altars:
Ashenzari
Cheibriados
Dithmenos
Fedhas
Gozag
Hepliaklqana
Kikubaaqudgha
Makhleb
Nemelex Xobeh
Okawaru
Qazlal
Ru
Sif Muna
Uskayaw
Vehumet
Wu Jian
Xom
The Shining One

Shops:
D:6 }

Annotations:
D:7 3 runed translucent doors, monokles's ghost, novice DsWn


Innate Abilities, Weirdness & Mutations

Your mind is acute. (Int +2)
Your magical capacity is low. (-10% MP)


Message History

The centaur shoots an arrow.
The arrow hits your ice beast.
The centaur shoots an arrow.
You block the arrow.
The centaur shoots an arrow.
The arrow hits you!
You see here 2 arrows.
The centaur shoots an arrow.
The arrow closely misses your ice beast.
The arrow hits you!
* * * LOW HITPOINT WARNING * * *
You see here 3 arrows.
What are your orders? t - Shout!
Orders for allies: a - Attack new target. r - Retreat! s - Stop attacking. g - Guard the area. f - Follow me.
Anything else - Cancel.
Gang up on whom?
Press: ? - help, Dir - move target cursor, f - centaur
Aim: a centaur, wielding a +0 shortbow Attack!
The centaur shoots an arrow.
The arrow hits you!
You die...

#....# ######.##.#
#.........##########..
###.###.................
........................
........................
.##.###..##.#.#.##......
.##.###..#..#.#.##......
......###...###.@.Y...).
..#.####.....##.(#...#..
..#...#.......#........$
..#...#.......#...Y...c.
............P...........
........................
..........>..............#.#
.##........................#
.##.##..P...........)......#


You could see a centaur and 2 friendly ice beasts.

Vanquished Creatures
  A warg (D:8)
  A sky beast (D:5)
  A crocodile (D:8)
  2 bullfrogs (D:7)
  2 crimson imps
  A jelly (D:5)
  An orc priest (D:3)
  3 hounds
  Jessica (D:2)
  A worker ant (D:5)
  A hound skeleton (D:6)
  A gnoll (D:7)
  7 adders
  6 worms
  2 dart slugs
  8 leopard geckos
  10 orcs
  3 ball pythons
  3 bats
  7 giant cockroaches
  8 goblins
  7 hobgoblins
  6 jackals
  7 kobolds
  5 quokkas
  3 frilled lizards (D:1)
  A quokka zombie (D:5)
  4 rats
103 creatures vanquished.

Vanquished Creatures (collateral kills)
  Pikel (D:7)
  Joseph (D:7)
  A hippogriff (D:7)
  A warg (D:8)
  An ice beast (D:5)
  2 sky beasts
  2 slaves (D:7)
  An ogre (D:4)
  A centaur (D:7)
  Blork the orc (D:5)
  A scorpion (D:5)
  A howler monkey (D:5)
  A quasit (D:7)
  4 hounds
  2 orc priests
  3 orc wizards
  3 worker ants
  2 gnolls (D:7)
  A howler monkey skeleton (D:4)
  2 shadow imps (D:5)
  8 orcs
  A jackal skeleton (D:7)
41 creatures vanquished.

Grand Total: 144 creatures vanquished

Notes
Turn   | Place    | Note
-------+----------+-------------------------------------------
     0 | D:1      | Laan the Deep Elf Ice Elementalist began the quest for the
                  | Orb.
     0 | D:1      | Reached XP level 1. HP: 10/10 MP: 6/6
   174 | D:1      | Reached XP level 2. HP: 15/15 MP: 6/8
   196 | D:1      | Learned a level 2 spell: Throw Frost
  1265 | D:2      | Reached XP level 3. HP: 19/19 MP: 7/10
  1444 | D:2      | Noticed Jessica
  1449 | D:2      | Killed Jessica
  1568 | D:2      | Found an iron altar of Okawaru.
  1702 | D:2      | Reached XP level 4. HP: 24/24 MP: 9/11
  2662 | D:3      | Reached XP level 5. HP: 13/28 MP: 5/13
  3503 | D:4      | Found a staircase to the Ecumenical Temple.
  3510 | Temple   | Entered the Ecumenical Temple
  3625 | Temple   | Became a worshipper of Vehumet
  3680 | Temple   | Learned a level 4 spell: Summon Ice Beast
  3753 | D:4      | HP: 1/28 [howler monkey skeleton (4)]
  4083 | D:4      | Reached skill level 5 in Ice Magic
  4244 | D:4      | Noticed an ogre
  4251 | D:4      | Killed an ogre
  4251 | D:4      | Reached skill level 1 in Summonings
  4366 | D:4      | Reached XP level 6. HP: 22/32 MP: 8/15
  4481 | D:4      | Found a shimmering altar of Xom.
  4778 | D:4      | Reached * piety under Vehumet
  4778 | D:4      | Offered knowledge of Shock by Vehumet.
  4879 | D:5      | Entered Level 5 of the Dungeon
  4879 | D:5      | Noticed a sky beast
  4917 | D:5      | Killed a sky beast
  4992 | D:5      | Noticed an ice beast
  5018 | D:5      | Killed an ice beast
  5187 | D:5      | Noticed a sky beast
  5194 | D:5      | Killed a sky beast
  5475 | D:5      | Noticed Blork the orc
  5484 | D:5      | Killed Blork the orc
  5484 | D:5      | Reached XP level 7. HP: 36/36 MP: 4/16
  5931 | D:5      | Found a hide-covered altar of Uskayaw.
  5973 | D:5      | Reached skill level 5 in Spellcasting
  6200 | D:5      | Found a burning altar of Makhleb.
  6681 | D:5      | Reached skill level 5 in Summonings
  6828 | D:6      | Got a blackened buckler
  6829 | D:6      | Identified the +2 buckler of the Ego {rC+} (You found it on
                  | level 6 of the Dungeon)
  6910 | D:6      | Found a blossoming altar of Fedhas.
  6911 | D:6      | Found an ancient bone altar of Kikubaaqudgha.
  6970 | D:6      | Found Fuas's Gadget Shop.
  7687 | D:7      | Found a runed translucent gate.
  7687 | D:7      | Found a runed translucent gate.
  7687 | D:7      | Found a runed translucent gate.
  7825 | D:7      | Reached skill level 1 in Shields
  7888 | D:7      | Reached XP level 8. HP: 41/41 MP: 16/18
  7912 | D:7      | Noticed a hippogriff
  7922 | D:7      | Killed a hippogriff
  8075 | D:7      | Reached ** piety under Vehumet
  8098 | D:7      | Noticed Pikel
  8122 | D:7      | Killed Pikel
  8122 | D:7      | Offered knowledge of Magic Dart by Vehumet.
  8200 | D:7      | Noticed Joseph
  8208 | D:7      | Killed Joseph
  8277 | D:7      | Noticed monokles's ghost (novice DsWn)
  8277 | D:7      | Identified the +1 whip of Ru's Condemnation {venom, rPois}
  8368 | D:7      | Found a deep blue altar of Sif Muna.
  8718 | D:8      | Found a staircase to the Lair.
  8762 | D:8      | Gained mutation: Your magical capacity is low. (-10% MP)
                  | [potion of mutation]
  8762 | D:8      | Gained mutation: Your mind is acute. (Int +2) [potion of
                  | mutation]
  8795 | D:8      | Reached XP level 9. HP: 37/45 MP: 3/19
  9004 | D:8      | Shot with an arrow by a centaur

Skill      XL: |  1  2  3  4  5  6  7  8 |
---------------+-------------------------+-----
Ice Magic      | 4 5 6 7 |  7.6
Conjurations   | 2 3 |  3.3
Spellcasting   | 4 5 6 |  6.9
Summonings     | 1 3 5 7 |  7.3
Shields        | 1 3 |  3.6
Dodging        | |  2.4
Stealth        | |  2.4

Action                   |  1- 3 |  4- 6 |  7- 9 || total
-------------------------+-------+-------+-------++-------
Melee: Dagger            |     2 |       |       ||     2
       Spear             |       |    21 |   102 ||   123
Throw: Stone             |       |     4 |     1 ||     5
 Cast: Freeze            |    40 |   103 |    40 ||   183
       Summon Ice Beast  |       |    13 |    26 ||    39
Evoke: Wand              |       |       |     1 ||     1
  Use: Scroll            |       |       |    10 ||    10
       Potion            |       |       |     7 ||     7
 Stab: Sleeping          |     2 |     3 |     4 ||     9
  Eat: Chunk             |     2 |     8 |     6 ||    16
       Ration            |       |     2 |     2 ||     4
Armor: Robe              |     1 |     8 |    28 ||    37
       Skin              |       |       |     9 ||     9
Dodge: Dodged            |     9 |    44 |    65 ||   118
Block: Buckler           |       |       |    31 ||    31
